 Dungeon Crawl Stone Soup version 0.27.0-1-g7a089689b8 (webtiles) character file.

Game seed: 6665280855072994699

128 Sin92 the Shield-Bearer (level 4, -10/40 HPs)
             Began as a Minotaur Fighter on Aug 9, 2021.
             Killed by divine providence
             ... invoked by an orc priest
              (13 damage)
             ... on level 3 of the Dungeon.
             The game lasted 00:02:28 (2595 turns).

Sin92 the Shield-Bearer (Minotaur Fighter)          Turns: 2595, Time: 00:02:30

Health: -10/40     AC:  7    Str: 21    XL:     4   Next: 87%
Magic:  3/3        EV:  8    Int:  5    God:
Gold:   123        SH:  9    Dex: 10    Spells: 3/3 levels left

rFire    . . .     SeeInvis .   a - +0 war axe
rCold    . . .     Faith    .   c - +0 kite shield
rNeg     . . .     Spirit   .   b - +0 scale mail
rPois    .         Reflect  .   (helmet restricted)
rElec    .         Harm     .   (no cloak)
rCorr    .         Rampage  .   (no gloves)
Will     .....                  (no boots)
Stlth    ..........             (no amulet)
HPRegen  0.13/turn              (no ring)
MPRegen  0.08/turn              (no ring)

@: no status effects
A: horns 2, retaliatory headbutt
a: no special abilities


You were on level 3 of the Dungeon.
You visited 1 branch of the dungeon, and saw 3 of its levels.

You collected 123 gold pieces.

Inventory:

Hand Weapons
 a - a +0 war axe (weapon)
Armour
 b - a +0 scale mail (worn)
 c - a +0 kite shield (worn)
Wands
 i - a wand of charming (11)
 j - a wand of digging (3)
Potions
 d - 2 potions of might
 e - 2 potions of mutation
 g - a potion of haste
 h - a potion of attraction {unknown}


   Skills:
 + Level 4.2 Fighting
 * Level 4.1 Axes
 + Level 4.3 Armour
 + Level 1.7 Dodging
 + Level 4.3 Shields


You had 3 spell levels left.
You didn't know any spells.
Your spell library contained the following spells:

 Spells                   Type           Power      Damage    Failure   Level
 Shock                    Conj/Air       0%         1d3       99%         1
 Corpse Rot               Necr/Air       N/A        N/A       100%        2
 Static Discharge         Conj/Air       0%         N/A       100%        2
 Ignite Poison            Fire/Tmut/Pois 0%         N/A       100%        3
 Mephitic Cloud           Conj/Pois/Air  0%         N/A       100%        3
 Bolt of Magma            Conj/Fire/Erth 0%         4d4       100%        5
 Lightning Bolt           Conj/Air       0%         1d11      100%        5
 Conjure Ball Lightning   Conj/Air       0%         3x3d6     100%        6
 Iron Shot                Conj/Erth      0%         9d1       100%        6
 Maxwell's Capacitive Co  Air            0%         ∞         100%        8


Dungeon Overview and Level Annotations

Branches:
Dungeon (3/15)

Altars:

Shops:
D:1 (

Annotations:
D:3 1 transporter


Innate Abilities, Weirdness & Mutations

You have a pair of horns on your head.
You reflexively headbutt those who attack you in melee.


Message History

There is a transporter here.
As you read the scroll labelled MOH GAEQODGHEMM, it crumbles to dust.
You feel strangely unstable.
It was a scroll of teleportation.
As you read the scroll labelled NUKAL IXYSM, it crumbles to dust.
It is a scroll of identify.
e - 2 potions of mutation Your surroundings suddenly seem different.
The shadow imp shouts!
The shadow imp shouts, "Back with thee, thou feeble roguish snaffler!"
The shadow imp laughs crazily.
The shadow imp shouts, "Run away, thou foppish pigeon-egg coxcomb!"
There is a transporter here.
You enter the transporter and appear at another place.
i - a wand of charming (11)
The shadow imp shouts, "Admit defeat, thou foppish earth-vexing brisket!"
The shadow imp picks up a beetle and eats it.
You open the door. The shadow imp gestures at you.
Pain shoots through your body! The shadow imp gestures at you.
Pain shoots through your body!
As you read the scroll of identify, it crumbles to dust.
g - a potion of haste The shadow imp disappears for a moment.
The shadow imp gestures at you. Pain shoots through your body!
There is an open door here.
You aren't carrying any scrolls.
The shadow imp gestures at you.
You barely resist.
You enter the shallow water.
Moving in this stuff is going to be slow.
The shadow imp gestures at you. Pain shoots through your body!
The shadow imp gestures at you. Pain shoots through your body!
* * * LOW HITPOINT WARNING * * *
The orc priest invokes the aid of Beogh against you.
Beogh smites you!
You die...

#...####.##.############.#.#
.........#...............#.#
....##..................##.######
.....#.............).............
.....#.###############.......>###
....(#.#8P#.o.5.5.#≈8#.#.#.....#
.....#.#P.#≈≈≈≈≈≈≈#.P#.#.#.###)#
####)..#..#..≈≈P..#.$#...#...#.#
#..©#©.'..≈♣≈@.+$©#©....#.#.#
#...#..#..≈≈≈..#.$#.....#.#.#
#...#P.#≈≈≈≈≈≈≈#.P#.....#.#.#
##..#8P#....?5.#≈8#...<...#.#
#..###############...###.#.#
#........................#.#
#.......##..........####.#.#
#######.##.########## #.#.##
#..#.# #.#...


You could see an orc priest and 3 shadow imps.

Vanquished Creatures
  A jelly (D:3)
  3 adders (D:2)
  A worm (D:3)
  2 dart slugs
  2 orcs (D:3)
  3 bats
  5 endoplasms
  3 giant cockroaches
  5 goblins
  3 hobgoblins
  9 jackals
  7 kobolds
  6 ball pythons
  2 frilled lizards
  6 rats
58 creatures vanquished.

Notes
Turn   | Place    | Note
-------+----------+-------------------------------------------
     0 | D:1      | Sin92 the Minotaur Fighter began the quest for the Orb.
     0 | D:1      | Reached XP level 1. HP: 19/19 MP: 0/0
    45 | D:1      | Found Maicoteo's Antique Weapon Boutique.
    52 | D:1      | Got the Almanac of Gliding Earth
   120 | D:1      | Reached XP level 2. HP: 21/27 MP: 1/1
   623 | D:1      | Reached skill level 1 in Dodging
   654 | D:1      | Reached XP level 3. HP: 33/33 MP: 2/2
  1285 | D:2      | Reached XP level 4. HP: 40/40 MP: 3/3
  1570 | D:3      | Found a transporter.
  1707 | D:3      | Found a transporter.
  2593 | D:3      | HP: 2/40 [shadow imp/nerve-wracking pain (11)]
  2595 | D:3      | Killed from afar by an orc priest

Illustrated notes

Levels and vault maps discovered:
D:1:      minmay_arrival_cross, layout_loops_ring, serial_shops, shop_fountains
D:2:      layout_loops_cross
D:3:      gammafunk_wand_slinger, layout_basic

Skill      XL: |  1  2  3  4 |
---------------+-------------+-----
Axes           | 3 4 |  4.1
Dodging        | 1 |  1.7
Armour         | 4 |  4.3
Shields        | 4 |  4.3
Fighting       | 4 |  4.2

Action                   |  1- 3 |  4- 6 || total
-------------------------+-------+-------++-------
Melee: War axe           |    74 |    49 ||   123
       Headbutt          |     7 |     7 ||    14
  Use: Scroll            |     2 |     3 ||     5
Armor: Scale mail        |    36 |    22 ||    58
Dodge: Dodged            |    41 |    12 ||    53
Block: Kite shield       |    50 |    25 ||    75
